 Dungeon Sprint DCSS version 0.20-a0-1078-g4874019 (webtiles) character file.

2062 Nobokod the Carver (level 9, -4/74 HPs)
             Began as a Demonspawn Fighter on Apr 30, 2017.
             Was a High Priest of Cheibriados.
             Slain by a seven-headed hydra (6 damage)
             ... in the Dungeon (Sprint IX: "|||||||||||||||||||||||||||||").
             The game lasted 00:02:04 (742 turns).

Nobokod the Carver (Demonspawn Fighter)              Turns: 742, Time: 00:02:05

Health: -4/74      AC: 13    Str: 28    XL:     9   Next: 5%
Magic:  4/17       EV: 12    Int: 23    God:    Cheibriados [*****.]
Gold:   0          SH: 13    Dex: 29    Spells: 8/8 levels left

rFire    . . .     SeeInvis .   a - +0 long sword
rCold    . . .     Gourm    .   c - +0 shield
rNeg     . . .     Faith    .   s - +1 chain mail
rPois    .         Spirit   .   (helmet restricted)
rElec    .         Reflect  .   (no cloak)
rCorr    .         Harm     .   (no gloves)
MR       .....     NoTele   +   p - +0 pair of boots
Stlth    +.........             (no amulet)
Regen    0.3/turn               t - +2 ring of evasion
MPRegen  0.2/turn               r - +3 ring of intelligence

@: very slightly contaminated, very slow
A: antennae 2, thin skeletal structure 1, nightstalker 1, powered by pain 2
a: Bend Time, Temporal Distortion, Slouch, Step From Time, Renounce Religion


You were in the Dungeon.
You worshipped Cheibriados.
Cheibriados was extremely pleased with you.
You were not hungry.

You visited 1 branch

Inventory:

Hand Weapons
 a - a +0 long sword (weapon)
Armour
 b - a +0 plate armour
 c - a +0 shield (worn)
 p - a +0 pair of boots (worn)
 q - a +0 helmet
 s - a +1 chain mail (worn)
Jewellery
 r - a +3 ring of intelligence (right hand)
 t - a +2 ring of evasion (left hand)
Wands
 o - a wand of acid (0/15)
Scrolls
 k - a scroll of blinking
 m - 5 scrolls of remove curse
 n - 2 scrolls of amnesia
 x - 2 scrolls of enchant weapon
 y - a scroll of fear
 z - 2 scrolls of enchant armour
Potions
 d - a potion of might
 e - 7 potions of curing
 g - 5 potions of heal wounds
 h - a potion of haste
 i - 4 potions of magic
 j - 3 potions of berserk rage
 l - a potion of invisibility
 u - 2 potions of resistance
 v - a potion of brilliance
Books
 w - the Catalogue of the Snowflakes and Creation
   (You found it in the Dungeon)

   Spells                             Type                      Level
   a - Freeze                         Ice                          1
   b - Summon Butterflies             Summoning                    1
   c - Summon Small Mammal            Summoning                    1
   d - Recall                         Summoning/Translocation      3
   e - Summon Mana Viper              Hexes/Summoning              5
   f - Dragon's Call                  Summoning                    9
Comestibles
 f - a bread ration


   Skills:
 + Level 7.8 Fighting
 + Level 11.2 Long Blades
 + Level 7.8 Armour
 + Level 3.2 Dodging
 + Level 1.2 Stealth
 + Level 8.1 Shields
 * Level 11.1 Invocations


You had 8 spell levels left.
You didn't know any spells.

Dungeon Overview and Level Annotations

Branches:
Dungeon (1/1)

Altars:
Cheibriados
Dithmenos
Elyvilon
Fedhas
Gozag
Hepliaklqana
Kikubaaqudgha
Makhleb
Nemelex Xobeh
Okawaru
Qazlal
Ru
Sif Muna
Trog
Uskayaw
Vehumet
Wu Jian
Xom
Yredelemnul
Zin
The Shining One
Beogh
Jiyva
Lugonu


Innate Abilities, Weirdness & Mutations

You have a pair of antennae on your head.
You have a somewhat thin skeletal structure. (Dex +2, Stealth)
You are slightly more attuned to the shadows.
You sometimes gain power by taking damage.


Message History

The seven-headed hydra closely misses you.
The seven-headed hydra bites you but does no damage. x2
You block the seven-headed hydra's attack. x2
The seven-headed hydra bites you but does no damage.
You block the seven-headed hydra's attack.
The seven-headed hydra bites you but does no damage.
You block the seven-headed hydra's attack. x2
The seven-headed hydra bites you.
* * * LOW HITPOINT WARNING * * *
You block the seven-headed hydra's attack.
The seven-headed hydra bites you.
* * * LOW HITPOINT WARNING * * *
The seven-headed hydra bites you!
* * * LOW HITPOINT WARNING * * *
Unknown command.
The seven-headed hydra bites you.
* * * LOW HITPOINT WARNING * * *
You block the seven-headed hydra's attack.
The seven-headed hydra bites you.
You die...

▓▓▓▓▓▓▓▓▓▓▓▓▓▓▓▓▓▓▓
▓<...).....).....'_
▓▓▓▓▓▓▓▓▓▓▓▓▓▓▓▓▓▓▓
▓..................
▓.▓▓▓▓▓▓▓▓▓▓▓▓▓▓▓▓▓
▓.@D....'.....).(..
▓▓▓▓▓▓▓▓▓▓▓▓▓▓▓▓▓▓▓


{{{{ You could see a seven-headed hydra.

Vanquished Creatures
  A komodo dragon (D)
  A rime drake (D)
  A blink frog (D)
  A hippogriff (D)
  A basilisk (D)
  A water moccasin (D)
  3 ice beasts (D)
  A sky beast (D)
  An orc warrior (D)
  An ogre (D)
  2 crocodiles (D)
  A bullfrog (D)
  A scorpion (D)
  A hound (D)
  2 iguanas (D)
  An adder (D)
  2 leopard geckos (D)
  2 orcs (D)
  A bat (D)
  A goblin (D)
  A hobgoblin (D)
  2 frilled lizards (D)
  A rat (D)
30 creatures vanquished.

Notes
Turn   | Place    | Note
-------+----------+-------------------------------------------
     0 | D        | Nobokod the Demonspawn Fighter began the quest for the Orb.
     0 | D        | Reached XP level 1. HP: 18/18 MP: 1/1
    75 | D        | Gained mutation: You have a somewhat thin skeletal structure. (Dex +2, Stealth) [demonic ancestry]
    75 | D        | Reached XP level 2. HP: 18/24 MP: 2/2
    83 | D        | Reached skill level 5 in Long Blades
   309 | D        | Found a roughly hewn altar of Beogh.
   309 | D        | Found a snail-covered altar of Cheibriados.
   309 | D        | Found a shadowy altar of Dithmenos.
   309 | D        | Found a white marble altar of Elyvilon.
   309 | D        | Found a blossoming altar of Fedhas.
   309 | D        | Found an opulent altar of Gozag.
   310 | D        | Found a hazy altar of Hepliaklqana.
   311 | D        | Found a viscous altar of Jiyva.
   312 | D        | Found an ancient bone altar of Kikubaaqudgha.
   313 | D        | Became a worshipper of Cheibriados the Contemplative
   314 | D        | Found a corrupted altar of Lugonu.
   315 | D        | Found a burning altar of Makhleb.
   316 | D        | Found a sparkling altar of Nemelex Xobeh.
   317 | D        | Found an iron altar of Okawaru.
   318 | D        | Found a stormy altar of Qazlal.
   319 | D        | Found a sacrificial altar of Ru.
   320 | D        | Found a deep blue altar of Sif Muna.
   321 | D        | Found a bloodstained altar of Trog.
   322 | D        | Found a hide-covered altar of Uskayaw.
   323 | D        | Found a radiant altar of Vehumet.
   324 | D        | Found an ornate altar of the Wu Jian Council.
   325 | D        | Found a shimmering altar of Xom.
   326 | D        | Found a basalt altar of Yredelemnul.
   327 | D        | Found a glowing silver altar of Zin.
   328 | D        | Found a glowing golden altar of the Shining One.
   380 | D        | Noticed an ice beast
   380 | D        | Noticed a scorpion
   380 | D        | Noticed an orc warrior
   380 | D        | Noticed an ice beast
   380 | D        | Noticed an ogre
   382 | D        | Gained mutation: You have a pair of small antennae on your head. [demonic ancestry]
   382 | D        | Reached XP level 3. HP: 25/29 MP: 2/4
   383 | D        | Killed an ice beast
   383 | D        | Reached * piety under Cheibriados
   383 | D        | Reached skill level 1 in Dodging
   383 | D        | Reached XP level 4. HP: 33/38 MP: 2/7
   383 | D        | Gained mutation: You sometimes gain a little power by taking damage. [demonic ancestry]
   383 | D        | Reached XP level 5. HP: 37/43 MP: 2/8
   384 | D        | Reached skill level 5 in Fighting
   384 | D        | Reached skill level 5 in Invocations
   384 | D        | Killed an orc warrior
   384 | D        | Reached ** piety under Cheibriados
   384 | D        | Reached skill level 5 in Armour
   384 | D        | Reached skill level 5 in Shields
   384 | D        | Gained mutation: You have a pair of antennae on your head. [demonic ancestry]
   384 | D        | Reached XP level 6. HP: 45/51 MP: 2/10
   393 | D        | Killed an ice beast
   467 | D        | Noticed a sky beast
   467 | D        | Noticed an ice beast
   467 | D        | Noticed a basilisk
   470 | D        | Reached *** piety under Cheibriados
   472 | D        | Killed a sky beast
   472 | D        | Gained mutation: You sometimes gain power by taking damage. [demonic ancestry]
   472 | D        | Reached XP level 7. HP: 59/59 MP: 11/13
   476 | D        | Reached **** piety under Cheibriados
   495 | D        | Killed a basilisk
   704 | D        | Identified the Catalogue of the Snowflakes and Creation (You found it in the Dungeon)
   716 | D        | Noticed a blink frog
   716 | D        | Noticed a rime drake
   718 | D        | Killed a blink frog
   718 | D        | Reached ***** piety under Cheibriados
   718 | D        | Gained mutation: You are slightly more attuned to the shadows. [demonic ancestry]
   718 | D        | Reached XP level 8. HP: 67/67 MP: 13/15
   719 | D        | Reached skill level 10 in Long Blades
   720 | D        | Noticed a komodo dragon
   722 | D        | Noticed a hippogriff
   726 | D        | Noticed a seven-headed hydra
   726 | D        | Killed a rime drake
   726 | D        | Reached skill level 1 in Stealth
   726 | D        | Reached skill level 10 in Invocations
   728 | D        | Killed a komodo dragon
   728 | D        | Killed a hippogriff
   728 | D        | Reached XP level 9. HP: 25/74 MP: 5/17
   741 | D        | HP: 3/74 [seven-headed hydra (9)]
   742 | D        | Slain by a seven-headed hydra

Vault maps used:
D:        linesprint

Skill      XL: |  1  2  3  4  5  6  7  8 |
---------------+-------------------------+-----
Long Blades    | 4 5 6 7 8 9 11 | 11.2
Armour         | 3 4 5 6 7 |  7.8
Shields        | 3 4 5 6 7 8 |  8.1
Invocations    | 2 4 6 8 9 11 | 11.1
Fighting       | 4 5 6 7 |  7.8
Dodging        | 1 2 3 |  3.2
Stealth        | 1 |  1.2

Action                   |  1- 3 |  4- 6 |  7- 9 || total
-------------------------+-------+-------+-------++-------
Melee: Long sword        |    32 |    19 |    21 ||    72
Invok: Slouch            |       |       |     4 ||     4
Evoke: Wand              |     2 |     4 |     1 ||     7
  Use: Scroll            |       |       |     1 ||     1
Armor: Scale mail        |    16 |       |       ||    16
       Chain mail        |       |     4 |    10 ||    14
Dodge: Dodged            |     8 |     7 |     6 ||    21
Block: Shield            |     9 |     6 |    15 ||    30
       Rpst.: Long sword |     4 |     2 |       ||     6
